 Dungeon Crawl Stone Soup version 0.30-a0-165-g1891117ce2 (webtiles) character file.

Game seed: 7818077358698616500

56 qw the Chopper (level 3, -4/23 HPs)
             Began as a Gargoyle Fighter on Sept 28, 2022.
             Slain by a gnoll
             ... wielding a +0 spear
              (5 damage)
             ... on level 2 of the Dungeon.
             The game lasted 00:00:32 (1323 turns).

qw the Chopper (Gargoyle Fighter)                   Turns: 1323, Time: 00:00:32

Health: -4/23      AC: 10    Str: 21    XL:     3   Next: 95%
Magic:  3/3        EV:  5    Int:  8    God:
Gold:   52         SH:  0    Dex:  9    Spells: 2/2 levels left

rFire   . . .      SeeInvis .    Y - +0 war axe
rCold   . . .      Faith    .    c - +0 buckler
rNeg    + . .      Spirit   .    b - +0 scale mail
rPois   inf        Reflect  .    (no helmet)
rElec   +          Harm     .    (no cloak)
rCorr   +          Rampage  .    (no gloves)
Will    .....                    (no boots)
Stlth   ..........               (no amulet)
HPRegen 0.07/turn                i - ring of resist corrosion
MPRegen 0.08/turn                (no ring)

@: held
A: sickness immunity, AC +3, negative energy resistance 1, electricity
resistance, torment resistance 1, petrification resistance
a: no special abilities


You were on level 2 of the Dungeon.
You visited 1 branch of the dungeon, and saw 2 of its levels.

You collected 52 gold pieces.


Innate Abilities, Weirdness & Mutations

You are immune to sickness and miasma.
Your stone body is resilient. (AC +3)
You are immune to poison.
You resist negative energy. (rN+)
You are resistant to electric shocks. (rElec)
You are resistant to unholy torment.
You are immune to petrification.


   Skills:
 - Level 3.2 Fighting
 + Level 3.7 Axes
 - Level 3.2 Armour
 - Level 3.2 Shields


You had 2 spell levels left.
You didn't know any spells.
Your spell library was empty.

Inventory:

Hand Weapons
 j - a +0 whip
 Y - a +0 war axe (weapon)
Armour
 b - a +0 scale mail (worn)
 c - a +0 buckler (worn)
Jewellery
 i - a ring of resist corrosion (left hand)
Potions
 d - 2 potions of might
 g - a potion of attraction {unknown}

Dungeon Overview and Level Annotations

Branches:
Dungeon (2/15)

Altars:

Shops:
D:1 [


Message History

The gnoll hits you but does no damage.
You hit the gnoll.
The gnoll is moderately wounded.
You closely miss the goblin.
The goblin hits you with a +0 dagger of protection.
The gnoll hits you but does no damage.
You slash the gnoll!
The gnoll is almost dead.
You barely miss the goblin. The gnoll hits you but does no damage.
The goblin misses you. You block the gnoll's attack.
The gnoll barely misses you. The gnoll hits you but does no damage.
You hit the gnoll.
You kill the gnoll!
You slash the goblin!
You kill the goblin!
The gnoll hits you but does no damage. x2; The gnoll throws a throwing net.
The throwing net hits you.
You become entangled in the net!
You struggle against the net.
The hobgoblin hits you but does no damage.
The gnoll hits you from afar with a +0 spear. x2
You tear a large gash into the net.
The hobgoblin hits you but does no damage.
The gnoll hits you but does no damage.
The gnoll hits you from afar with a +0 spear.
You shred the net and break free! The hobgoblin misses you.
You block the gnoll's attack. The gnoll hits you but does no damage.
The ball python hisses angrily.
You slash the hobgoblin!
You kill the hobgoblin!
You block the gnoll's attack.
The gnoll throws a throwing net.
The throwing net hits you.
You become entangled in the net!
You struggle against the net.
The gnoll barely misses you. The gnoll hits you but does no damage.
You tear a large gash into the net.
The gnoll completely misses you.
An endoplasm comes into view.
The gnoll hits you from afar with a +0 spear.
You die...

.......#....####
#..(
.......####....#
.....
...............#
#..###
...............#
#..#
.......##......#
)..#
................###
......#........##
....#.#.>#......#
......)@.....(...
......)#.######..
.....gg#..#
......g##..S
....... ###.
.....~~ .J ....~~.
# (~~.~~.


You could see 3 gnolls, an endoplasm (wandering) and a ball python.

Vanquished Creatures
  A gnoll (D:2)
  2 worms (D:2)
  2 dart slugs (D:1)
  2 ball pythons
  4 bats (D:1)
  5 endoplasms
  2 giant cockroaches (D:1)
  4 goblins
  2 hobgoblins
  4 kobolds (D:1)
  A quokka (D:1)
  2 frilled lizards
  3 rats (D:1)
34 creatures vanquished.

Notes
Turn   | Place    | Note
-------+----------+-------------------------------------------
     0 | D:1      | qw the Gargoyle Fighter began the quest for the Orb.
     0 | D:1      | Reached XP level 1. HP: 14/14 MP: 1/1
     0 | D:1      | 0 ||| qw: Version: 0.2-a-12-gaebbb33
     0 | D:1      | 0 ||| qw: Game counter: 775
     0 | D:1      | 0 ||| qw: Always use a shield: true
     0 | D:1      | 0 ||| qw: God list: Okawaru
     0 | D:1      | 0 ||| qw: Allow faded altars: false
     0 | D:1      | 0 ||| qw: Do Orc after D:15 true
     0 | D:1      | 0 ||| qw: Do second Lair branch before Depths: true
     0 | D:1      | 0 ||| qw: Lair rune preference: random
     0 | D:1      | 0 ||| qw: Plans: Normal, Zot:1-4, God:TSO, Crypt, Tomb,
                  | Pan, Slime:5, Hells, Abyss, Orb
     0 | D:1      | 0 ||| PLANNING D:1-11
    30 | D:1      | 30 ||| Stepping ~*~*~tactically~*~*~ (hiding).
    31 | D:1      | 31 ||| Stepping ~*~*~tactically~*~*~ (hiding).
    34 | D:1      | 34 ||| Stepping ~*~*~tactically~*~*~ (hiding).
   208 | D:1      | Reached XP level 2. HP: 14/19 MP: 2/2
   448 | D:1      | 448 ||| Stepping ~*~*~tactically~*~*~ (hiding).
   593 | D:1      | Reached skill level 3 in Axes
   721 | D:1      | Reached XP level 3. HP: 23/23 MP: 3/3
   883 | D:1      | Found Utiorgh's Armour Emporium.
   897 | D:1      | 897 ||| SHOPLISTING +0 chain mail (58 gold, have 42).
   897 | D:1      | 897 ||| SHOPLISTING +0 helmet (58 gold, have 42).
   897 | D:1      | 897 ||| SHOPLISTING +1 buckler "Nomuaret" {Dex+7} (405
                  | gold, have 42).
   897 | D:1      | 897 ||| SHOPLISTING +2 pair of gloves (214 gold, have 42).
  1074 | D:1      | 1074 ||| UPGRADING to ring of resist corrosion.
  1075 | D:1      | 1075 ||| READING scroll labelled BURUOM RESKANORIOR.
  1076 | D:1      | 1076 ||| READING scroll labelled TARGHE MOUPAF.
  1077 | D:1      | 1077 ||| READING 2 scrolls labelled AMEVOL MAFEME.
  1078 | D:1      | 1078 ||| DROPPING scroll of blinking.
  1240 | D:2      | Identified the +8 hand axe "Ogreslayer" {protect, rElec
                  | rPois rC- Stlth+}
  1242 | D:2      | 1242 ||| DROPPING +8 hand axe "Ogreslayer" {protect, rElec
                  | rPois rC- Stlth+, mikee}.
  1318 | D:2      | HP: 5/23 [gnoll/+0 spear (3)]
  1319 | D:2      | HP: 1/23 [gnoll/+0 spear (3)]
  1323 | D:2      | Slain by a gnoll

Levels and vault maps discovered:
D:1:      dpeg_arrival_rooms_with_view, layout_rooms, serial_shops,
          nicolae_shop_crystal, glass_columns_b
D:2:      layout_rooms, corexii_shack, chequers_serial_rivers_micro_c

Skill      XL: |  1  2 |
---------------+-------+-----
Axes           | 2 3 |  3.7
Fighting       | |  3.2
Armour         | |  3.2
Shields        | |  3.2

Action                   || total
-------------------------++-------
Melee: War axe           ||   111
  Use: Scroll            ||     3
Armor: Scale mail        ||    78
Dodge: Dodged            ||    45
Block: Buckler           ||    20

Table legend:
 A = Non-vault XP
 B = Vault XP
 C = Vault XP percentage of total XP
 D = Non-vault monster count
 E = Vault monster count
 F = Vault count percentage of total count
                 A         B        C        D         E       F
            +---------+---------+-------+---------+---------+-------
      Total |      74 |       6 |   7.5 |      31 |       3 |   8.8
            +---------+---------+-------+---------+---------+-------
        D:1 |      39 |       4 |   9.3 |      22 |       2 |   8.3
        D:2 |      35 |       2 |   5.4 |       9 |       1 |  10.0
            +---------+---------+-------+---------+---------+-------
